 Dungeon Crawl Stone Soup version 0.19-a0-1886-gd64a0f0 (webtiles) character file.

1445 ves the Whirler (level 9, -4/54 HPs)
             Began as a Halfling Hunter on Oct 16, 2016.
             Was a Follower of Okawaru.
             Slain by an orc warrior
             ... wielding a +0 battleaxe
              (23 damage)
             ... on level 6 of the Dungeon.
             The game lasted 00:28:20 (4530 turns).

ves the Whirler (Halfling Hunter)                   Turns: 4530, Time: 00:28:21

Health: -4/54      AC:  9    Str: 13    XL:     9   Next: 4%
Magic:  6/9        EV: 19    Int:  9    God:    Okawaru [*.....]
Gold:   356        SH:  0    Dex: 25    Spells: 0 memorised, 8 levels left

rFire  . . .     SeeInvis .     a - +1 hunting sling
rCold  . . .     Gourm    .     s - +2 ring mail {rN+}
rNeg   + . .     Faith    .     (shield restricted)
rPois  .         Spirit   .     G - +2 hat
rElec  .         Dismiss  .     (no cloak)
rCorr  .         Reflect  .     (no gloves)
MR     .....     Harm     .     (no boots)
Stlth  +++.......               (no amulet)
                                (no ring)
                                (no ring)

@: agile
A: agile 1, mutation resistance 1, MP-powered wands
a: Heroism, Renounce Religion


You were on level 6 of the Dungeon.
You worshipped Okawaru.
Okawaru was aware of your devotion.
You were not hungry.

You visited 1 branch of the dungeon, and saw 6 of its levels.
You also visited: Sewer.

You collected 356 gold pieces.

Inventory:

Hand Weapons
 a - a +1 hunting sling (weapon)
 b - a +0 short sword
Missiles
 d - 19 sling bullets (quivered)
 m - 97 stones
 u - 88 poisoned needles
Armour
 k - a +0 helmet
 s - a +2 ring mail of positive energy (worn)
 G - a +2 hat (worn)
 L - a +2 robe of resistance
Jewellery
 K - an uncursed ring of flight {unknown}
 N - a +3 ring of strength {unknown}
Wands
 c - a wand of disintegration (14/24)
Scrolls
 e - 9 scrolls of identify
 h - 3 scrolls of magic mapping {unknown}
 l - a scroll of fog {unknown}
 p - 3 scrolls of random uselessness {unknown}
 r - 3 scrolls of blinking {unknown}
 t - 2 scrolls of recharging {unknown}
 w - 4 scrolls of noise {unknown}
 y - 4 scrolls of teleportation {unknown}
 A - a scroll of enchant weapon {unknown}
 B - 3 scrolls of fear {unknown}
 F - a scroll of immolation {unknown}
 H - a scroll of amnesia {unknown}
 I - a scroll of holy word {unknown}
Potions
 j - a potion of cure mutation {unknown}
 n - a potion of lignification {unknown}
 q - a potion of curing
 v - a potion of berserk rage
 x - 2 potions of haste {unknown}
 z - a potion of flight {unknown}
 C - a potion of heal wounds {unknown}
 D - a potion of mutation
 E - a potion of magic {unknown}
 M - a potion of invisibility {unknown}
Comestibles
 f - 3 bread rations
 i - a meat ration
 o - a beef jerky
 J - a chunk of flesh


   Skills:
 - Level 1.9 Fighting
 + Level 15.0 Slings
 - Level 2.1 Dodging
 - Level 1.1 Stealth


You had 8 spell levels left.
You didn't know any spells.

Dungeon Overview and Level Annotations

Branches:
Dungeon (6/15)             Temple (0/1) D:6

Altars:
Cheibriados
Fedhas
Kikubaaqudgha
Okawaru
Uskayaw
Zin


Innate Abilities, Weirdness & Mutations

You are small and have problems with some larger weapons.
You are somewhat resistant to further mutation.
You are agile. (Dex +2)
You expend magic power (3 MP) to strengthen your wands.


Message History

You feel agile.
You feel your magical essence link to your wands.
The orc wizard casts a spell.
The orc wizard flickers and vanishes!
Deactivating autopickup; reactivate with Ctrl-A.
That item cannot be evoked!
Evoke which item? (* to show all) (? for menu, Esc to quit)
Zapping:
c - a wand of disintegration (will waste charges)
Press: ? - help, Shift-Dir - straight line, f - orc warrior
Aim: an orc warrior, wielding a battleaxe and wearing a chain mail (lightly wounded, chance to defeat MR: 72%)
The orc warrior struggles to resist.
Evoking this partially-identified wand wasted a few charges.
The orc warrior hits you with a battleaxe!
* * * LOW HITPOINT WARNING * * *
Some of the chunks of flesh in your inventory have rotted away.
You feel better. The orc warrior misses you.
It was a potion of agility.
You feel agile all of a sudden.
The orc warrior hits you with a battleaxe!!
You die...

#.....# .(.(.. #.....# )....
#.....# ....## .###'############
.(..( .##.....).......# (((#
..#.............# ..#.# .#.
#.#.....>.......# ### #)#.# ...
#.#.............###.#####.#.#..#
#.#.............@o{.#..)((..#..#
..#.............###.#.###o#(...#
..#........####.# #.#.# #(#.##.#
..#........# #.# #o#.###(.(...#
..#........# #.# #...((....####
##+####### #.# ###.####### #.#
#.# #+ #.. ####


You could see an orc warrior.

Vanquished Creatures
  Sigmund (D:5)
  The ghost of KarmaPolice the Vandal, an amateur HaHu (D:3)
  An ice beast (D:5)
  2 sky beasts
  An ogre (D:4)
  A crimson imp (D:5)
  2 orc priests
  3 hounds
  2 centaur skeletons
  2 worker ants (D:4)
  Terence (D:2)
  9 adders
  4 river rats (Sewer)
  2 adder skeletons
  3 worms
  4 dart slugs
  2 leopard geckos (D:1)
  8 orcs
  5 ball pythons
  6 bats
  6 giant cockroaches
  7 goblins
  6 hobgoblins
  15 jackals
  7 kobolds
  2 quokkas
  8 frilled lizards
  A quokka skeleton (D:6)
  18 rats
130 creatures vanquished.

Notes
Turn   | Place    | Note
-------+----------+-------------------------------------------
     0 | D:1      | ves the Halfling Hunter began the quest for the Orb.
     0 | D:1      | Reached XP level 1. HP: 14/14 MP: 1/1
    68 | D:1      | Reached skill level 6 in Slings
   148 | D:1      | Reached XP level 2. HP: 16/19 MP: 2/2
   314 | D:1      | Reached XP level 3. HP: 24/24 MP: 3/3
   473 | D:1      | Reached skill level 7 in Slings
  1011 | D:2      | Reached XP level 4. HP: 29/29 MP: 4/4
  1053 | D:2      | Noticed Terence
  1057 | D:2      | Killed Terence
  1057 | D:2      | Reached skill level 8 in Slings
  1269 | D:2      | Reached XP level 5. HP: 34/34 MP: 5/5
  1317 | D:2      | Found a glowing silver altar of Zin.
  1318 | D:2      | Found a snail-covered altar of Cheibriados.
  1325 | D:2      | Found an ancient bone altar of Kikubaaqudgha.
  1389 | D:3      | Found a faded altar of an unknown god.
  1416 | D:3      | Noticed KarmaPolice's ghost (amateur HaHu)
  1457 | D:3      | Killed KarmaPolice's ghost
  1457 | D:3      | Reached skill level 10 in Slings
  1457 | D:3      | Reached XP level 6. HP: 16/39 MP: 6/6
  2072 | D:4      | Found an iron altar of Okawaru.
  2123 | D:4      | Became a worshipper of Warmaster Okawaru
  2326 | D:4      | Reached XP level 7. HP: 41/44 MP: 7/7
  2479 | D:4      | Reached skill level 11 in Slings
  2492 | D:4      | Found a glowing drain.
  2508 | Sewer    | Entered a sewer
  3341 | D:5      | Entered Level 5 of the Dungeon
  3532 | D:5      | Found a blossoming altar of Fedhas.
  3546 | D:5      | Found a hide-covered altar of Uskayaw.
  3636 | D:5      | Reached skill level 12 in Slings
  3880 | D:5      | Reached XP level 8. HP: 47/50 MP: 8/8
  3974 | D:5      | Noticed Sigmund
  3993 | D:5      | Killed Sigmund
  3993 | D:5      | Reached * piety under Okawaru
  3993 | D:5      | Reached skill level 13 in Slings
  4315 | D:6      | Reached skill level 14 in Slings
  4403 | D:6      | Found a staircase to the Ecumenical Temple.
  4420 | D:6      | Reached XP level 9. HP: 48/54 MP: 9/9
  4470 | D:6      | Reached skill level 15 in Slings
  4527 | D:6      | Gained mutation: You are agile. (Dex +2) [potion of mutation]
  4527 | D:6      | Gained mutation: You expend magic power (3 MP) to strengthen your wands. [potion of mutation]
  4530 | D:6      | Slain by an orc warrior

Vault maps used:
D:1:      eino_arrival_tree_alley
D:2:      grunt_temple_overflow_open, hangedman_decor_slide_cut,
          eino_tiny_chamber, uniq_terence
D:3:      ecumenical_altar_1, first_bread
D:4:      kennysheep_big_flooded_room, portal_sewer_entry_e, okawaru_trees_2
D:5:      overflow_temple_1_default, basic_altar, uniq_sigmund
Sewer:    sewer_co_cracked_pipes

Skill      XL: |  1  2  3  4  5  6  7  8  9 |
---------------+----------------------------+-----
Slings         | 6 7 8 10 12 14 15 | 15.0
Fighting       | |  1.9
Dodging        | |  2.1
Stealth        | |  1.1

Action                   |  1- 3 |  4- 6 |  7- 9 || total
-------------------------+-------+-------+-------++-------
 Fire: Hunting sling     |   110 |   203 |   287 ||   600
Evoke: Wand              |       |       |     1 ||     1
  Use: Scroll            |       |     3 |       ||     3
       Potion            |       |       |     4 ||     4
  Eat: Chunk             |       |     4 |     6 ||    10
Armor: Leather armour    |     7 |     8 |       ||    15
       Ring mail         |       |     8 |    26 ||    34
Dodge: Dodged            |    14 |    34 |    54 ||   102
